AoeStats
← 17_Neo_

Arena

507194978Analyzed
3v3 RM · 16d ago on Sep 17, 2026· 87m 38s· 6 players
Game mode
Random Map
Map size
Normal (6 player)
Population
200
Speed
Normal
Resources
Standard
Victory
Conquest
Starting age
Dark Age
Ending age
Imperial Age
RankedLock teamsTeams togetherTeam positionsShared explorationLock speedFull tech treeHidden civsTurbo modeCheats
Victory
Defeat
🇨🇴 Koreans · Colombia
1379
+16
🇨🇴 Bohemians · Colombia
1349
+17
🇨🇴 Teutons · Colombia
1346
+18
🇲🇽 Burgundians · Mexico
1417
-18
🇲🇽 Cumans · Mexico
1382
-17
🇲🇽 Teutons · Mexico
1345
-16
17_Neo_
9:13 Loom
12:21 Feudal Age
16:23 Castle Age
24:51 Double-Bit Axe
24:46 Horse Collar
30:52 Wheelbarrow
30:43 Bow Saw
30:33 Heavy Plow
31:20 Heavy Plow
31:58 Fletching
32:35 Bodkin Arrow
36:08 Imperial Age
33:51 Pikeman
34:31 Squires
34:17 Gambesons
34:34 Scale Mail Armor
35:18 Forging
35:33 Ballistics
36:24 Arson
36:52 Bracer
38:51 Elite Skirmisher
40:03 Chain Mail Armor
40:24 Iron Casting
41:32 Plate Mail Armor
42:48 Chemistry
41:47 Halberdier
42:52 Thumb Ring
44:14 Two-Man Saw
43:16 Arrowslits
43:49 Hand Cart
44:42 Scale Barding Armor
44:41 Town Watch
47:34 Coinage
46:33 Elite War Wagon
48:24 Conscription
52:00 Banking
68:18 Stone Mining
68:18 Gold Mining
Logan
12:00 Feudal Age
13:40 Wheelbarrow
15:58 Castle Age
16:55 Loom
40:36 Double-Bit Axe
66:38 Pikeman
71:45 Fletching
71:56 Padded Archer Armor
71:26 Elite Skirmisher
73:13 Ballistics
74:03 Bodkin Arrow
74:55 Leather Archer Armor
76:56 Chemistry
RAGNAROK
12:54 Feudal Age
14:18 Wheelbarrow
16:59 Castle Age
15:41 Double-Bit Axe
15:38 Horse Collar
16:44 Bloodlines
16:54 Scale Barding Armor
21:09 Fortified Wall
26:25 Loom
48:09 Scale Mail Armor
50:44 Chain Mail Armor
50:40 Forging
57:37 Pikeman
58:17 Squires
60:56 Imperial Age
59:36 Iron Casting
61:03 Halberdier
63:41 Heavy Plow
67:57 Man-at-Arms
68:23 Gambesons
69:12 Bow Saw
69:40 Long Swordsman
71:13 Plate Mail Armor
71:19 Two-Handed Swordsman
73:50 Blast Furnace
73:23 Hand Cart
72:54 Town Watch
73:42 Crop Rotation
74:13 Two-Man Saw
73:20 Champion
74:36 Gold Mining
77:10 Town Patrol
76:53 Capped Ram
[SCP] Draper
6:14 Loom
9:00 Feudal Age
10:53 Fletching
12:34 Double-Bit Axe
25:22 Scale Barding Armor
28:16 Castle Age
26:25 Gold Mining
26:40 Horse Collar
27:46 Bloodlines
27:43 Town Watch
30:34 Chain Barding Armor
30:46 Heavy Plow
32:51 Bodkin Arrow
34:31 Bow Saw
39:43 Imperial Age
37:42 Stone Mining
39:46 Forging
39:57 Cavalier
56:43 Padded Archer Armor
58:30 Leather Archer Armor
61:10 Elite Skirmisher
73:13 Ballistics
75:39 Wheelbarrow
83:45 Chemistry
SCP Faf
6:46 Loom
9:08 Feudal Age
10:15 Double-Bit Axe
11:35 Horse Collar
21:07 Wheelbarrow
20:33 Heavy Plow
20:43 Bow Saw
21:01 Scale Mail Armor
21:53 Arson
22:51 Forging
25:38 Castle Age
24:11 Gold Mining
26:37 Chain Mail Armor
26:32 Squires
27:29 Gold Shaft Mining
28:57 Iron Casting
32:31 Fletching
32:52 Town Watch
33:49 Bodkin Arrow
40:12 Two-Man Saw
42:12 Imperial Age
40:20 Fortified Wall
39:54 Treadmill Crane
45:19 Blast Furnace
44:49 Plate Mail Armor
44:38 Husbandry
47:12 Scale Barding Armor
46:29 Cavalier
47:47 Hand Cart
47:55 Conscription
49:16 Coinage
50:27 Crop Rotation
50:48 Fervor
50:47 Burgundian Vineyards
53:18 Chain Barding Armor
55:00 Chemistry
54:21 Ballistics
54:12 Masonry
55:17 Town Patrol
57:20 Plate Barding Armor
61:04 Stone Mining
63:09 Stone Shaft Mining
65:52 Paladin
69:19 Banking
72:25 Pikeman
82:52 Hoardings
Dr. Sky
8:45 Feudal Age
11:22 Double-Bit Axe
14:08 Loom
15:03 Fletching
26:48 Bloodlines
27:58 Town Watch
28:40 Gold Mining
29:49 Horse Collar
32:21 Wheelbarrow
36:32 Castle Age
35:03 Padded Archer Armor
37:29 Bodkin Arrow
37:02 Capped Ram
38:07 Leather Archer Armor
38:57 Scale Barding Armor
38:18 Light Cavalry
41:52 Imperial Age
40:04 Forging
40:22 Heavy Plow
41:06 Chain Barding Armor
41:55 Cavalier
43:28 Plate Barding Armor
43:25 Conscription
46:35 Thumb Ring
47:07 Iron Casting
47:05 Steppe Husbandry
47:41 Hoardings
47:54 Bow Saw
48:16 Crop Rotation
47:40 Hussar
50:18 Blast Furnace
52:15 Hand Cart
52:38 Gold Shaft Mining
54:05 Parthian Tactics
55:04 Ring Archer Armor
55:53 Ballistics
56:34 Chemistry
58:00 Heavy Cavalry Archer
68:20 Masonry
69:21 Two-Man Saw
71:07 Stone Mining
72:36 Caravan
78:10 Elite Skirmisher
Connection lost

Rejoining the realm…

Still unreachable

The connection could not be restored.

Session expired

The server has moved on; the page needs a fresh start.